 Dungeon Crawl Stone Soup version 0.30-a0-757-ga6a79fd877 (webtiles) character file.

Game seed: 2745506830377226084

2153 themarg the Trooper (level 9, -6/61 HPs)
             Began as an Octopode Transmuter on Feb 10, 2023.
             Was an Initiate of Sif Muna.
             Succumbed to a water moccasin's poison
             ... on level 7 of the Dungeon.
             The game lasted 00:20:54 (6822 turns).

themarg the Trooper (Octopode Transmuter)           Turns: 6822, Time: 00:20:54

Health: -6/61      AC:  2    Str:  9    XL:     9   Next: 31%
Magic:  16/16      EV: 27    Int: 20    God:    Sif Muna [......]
Gold:   33         SH:  0    Dex: 17    Spells: 12/18 levels left

rFire   . . .      SeeInvis +      - Unarmed
rCold   . . .      Faith    .    (shield currently unavailable)
rNeg    + . .      Spirit   .    (helmet currently unavailable)
rPois   x          Reflect  .    A - amulet of magic regeneration
rElec   .          Harm     .    y - ring of resist corrosion
rCorr   +          Rampage  .    B - ring of willpower
Will    +....                    G - +5 ring of evasion
Stlth   ++                       z - ring of positive energy
HPRegen 0.30/turn                K - ring of see invisible
MPRegen 0.55/turn                (no ring)
                                 (no ring)
                                 (no ring)

@: lethally poisoned (-6 -> -51), spider-form
A: venomous fangs, almost no armour, (amphibious), 8 rings, tiny, (camouflage
1), (gelatinous body 1), (nimble swimmer 1), (tentacles)
a: End Transformation, Renounce Religion


You were on level 7 of the Dungeon.
You worshipped Sif Muna.
Sif Muna was noncommittal.
You were a venomous arachnid creature.
You visited 2 branches of the dungeon, and saw 8 of its levels.

You collected 312 gold pieces.
You spent 279 gold pieces at shops.

Inventory:

Hand Weapons
 d - a +0 dagger
 j - a +0 dagger of venom
 t - a +2 dagger of chaos
Missiles
 c - 48 stones
 q - 5 javelins
 v - 4 poisoned darts
 w - 3 boomerangs
Magical Staves
 i - a staff of fire
Jewellery
 e - an amulet of faith
 y - a ring of resist corrosion (left front pincers)
 z - a ring of positive energy (on tentacle)
 A - an amulet of magic regeneration (around neck)
 B - a ring of willpower (right front pincers)
 G - a +5 ring of evasion (on tentacle)
 K - a ring of see invisible (on tentacle)
Wands
 x - a wand of roots (12)
 D - a wand of polymorph (4)
Scrolls
 h - 2 scrolls of enchant armour
 k - a scroll of torment {unknown}
 l - a scroll of blinking
 n - a scroll of magic mapping {unknown}
 o - a scroll of brand weapon {unknown}
 r - a scroll of fog {unknown}
 s - a scroll of teleportation {unknown}
 E - 4 scrolls of immolation
 F - a scroll of summoning {unknown}
 H - 2 scrolls of enchant weapon {unknown}
 I - 3 scrolls of noise {unknown}
 L - a scroll of amnesia {unknown}
Potions
 a - a potion of mutation {unknown}
 b - a potion of resistance {unknown}
 f - a potion of brilliance {unknown}
 g - 2 potions of might
 m - a potion of heal wounds {unknown}
 p - a potion of flight {unknown}
 u - a potion of haste
 C - a potion of magic {unknown}
 J - a potion of lignification


   Skills:
 + Level 5.3 Fighting
 - Level 5.0 Dodging
 - Level 3.0 Stealth
 - Level 5.0 Unarmed Combat
 - Level 5.0 Spellcasting
 - Level 5.0 Transmutations
 - Level 4.0 Ice Magic
 - Level 3.0 Poison Magic


You had 12 spell levels left.
You knew the following spells:

 Your Spells              Type           Power      Damage    Failure   Level
a - Beastly Appendage     Tmut           50%        N/A       7%          1
b - Wereblood             Tmut           25%        N/A       9%          2
c - Spider Form           Tmut/Pois      21%        N/A       19%         3

Your spell library contained the following spells:

 Spells                   Type           Power      Damage    Failure   Level
 Ice Form                 Ice/Tmut       23%        N/A       38%         4
 Dazzling Flash           Conj/Hex       10%        N/A       56%         3
 Summon Ice Beast         Ice/Summ       13%        N/A       67%         4
 Agony                    Necr           5%         N/A       99%         5
 Silence                  Hex/Air        2%         N/A       99%         5
 Summon Mana Viper        Hex/Summ       5%         N/A       99%         5
 Dispersal                Tloc           2%         N/A       100%        6
 Malign Gateway           Summ/Tloc      2%         N/A       100%        7
 Monstrous Menagerie      Summ           2%         N/A       100%        7


Dungeon Overview and Level Annotations

Branches:
Dungeon (7/15)             Temple (1/1) D:6

Altars:
Dithmenos
Elyvilon
Kikubaaqudgha
Makhleb
Nemelex Xobeh
Qazlal
Ru
Sif Muna
Trog
Uskayaw
Wu Jian
Xom
Yredelemnul
Zin
The Shining One

Shops:
D:3 (   D:6 =(*

Annotations:
D:2 exclusion: dart slug, Sigmund
D:5 exclusion: yak


Innate Abilities, Weirdness & Mutations

You are a venomous arachnid creature.
You have venomous fangs.
You are tiny and dextrous.
Your spellcasting is less reliable in this form.
Your armour is entirely melded.
You are incapable of wielding weapons or throwing items.
You cannot wear most types of armour.
((You are amphibious.))
You can wear up to eight rings at the same time.
((Your skin changes colour to match your surroundings (Stealth+).))
((Your rubbery body absorbs attacks. (AC +1, EV +1)))
((You are camouflaged when in or above water. (Stealth+)))
((You have tentacles for arms and can constrict up to eight enemies at once.))


Message History

The water moccasin is moderately wounded.
You feel very sick.
The water moccasin completely misses you.
You hit the water moccasin.
The water moccasin is moderately wounded.
You feel very sick. The water moccasin bites you!
The water moccasin barely misses you.
You hit the water moccasin.
The water moccasin is moderately wounded.
You feel very sick.
The water moccasin completely misses you.
You hit the water moccasin.
The water moccasin is heavily wounded.
You feel sick. The water moccasin barely misses you.
You closely miss the water moccasin.
The water moccasin is heavily wounded.
You feel sick.
The water moccasin completely misses you.
You bite the water moccasin!
The water moccasin is poisoned.
The water moccasin is severely wounded.
You feel sick. The water moccasin bites you.
You are more poisoned.
The water moccasin poisons you!
The water moccasin bites you but does no damage.
You hit the water moccasin but do no damage.
The water moccasin is severely wounded.
You feel very sick. The water moccasin bites you.
* * * LOW HITPOINT WARNING * * *
You are more poisoned.
The water moccasin poisons you!
You bite the water moccasin!
You kill the water moccasin!
Sif Muna accepts your kill.
* * * LOW HITPOINT WARNING * * *
You feel extremely sick.
Training target 4.0 for Ice Magic reached!
Your Ice Magic skill increases to level 4!
You need to enable at least one skill for training.
You die...

#................
#................
#................
#######................
.......................
#...............##.#.
#...............#.##.
#...............##.#.
#...s.########..#.##.
#.<...# #.......
#.........# #.....##
#.........# #.....#
#..........# #.....#
###........# #######
#........# #........#
#.......^#


There were no monsters in sight!

Vanquished Creatures
  4 water moccasins
  2 black bears
  3 ice beasts
  A centaur (D:7)
  3 ogres
  3 scorpions
  4 crimson imps (D:5)
  2 hounds (D:6)
  3 jellies (D:6)
  Crazy Yiuf (D:5)
  2 orc priests
  2 iguanas
  Ijyb (D:3)
  3 orc wizards (D:4)
  3 gnolls (D:5)
  9 adders
  4 ufetubi
  A worm (D:3)
  3 dart slugs
  7 orcs
  8 bats
  6 endoplasms
  2 giant cockroaches (D:3)
  9 goblins
  6 hobgoblins
  9 jackals
  3 quokkas
  7 ball pythons
  5 frilled lizards
  10 kobolds
  6 rats
132 creatures vanquished.

Vanquished Creatures (others)
  A plant (D:2)
1 creature vanquished.

Grand Total: 133 creatures vanquished

Notes
Turn   | Place    | Note
-------+----------+-------------------------------------------
     0 | D:1      | themarg the Octopode Transmuter began the quest for the
                  | Orb.
     0 | D:1      | Reached XP level 1. HP: 13/13 MP: 3/3
   170 | D:1      | Reached skill level 1 in Stealth
   170 | D:1      | Reached XP level 2. HP: 15/18 MP: 3/5
   604 | D:1      | Reached XP level 3. HP: 21/23 MP: 3/6
   630 | D:1      | Learned a level 2 spell: Wereblood
  1107 | D:2      | Noticed Sigmund
  1274 | D:2      | Reached XP level 4. HP: 28/28 MP: 3/7
  1638 | D:3      | Reached skill level 1 in Poison Magic
  1638 | D:3      | Reached XP level 5. HP: 31/33 MP: 5/8
  1754 | D:3      | Noticed Ijyb
  1760 | D:3      | Killed Ijyb
  1957 | D:3      | Found Plog's Antique Weapon Boutique.
  2388 | D:4      | Reached XP level 6. HP: 6/38 MP: 9/9
  2756 | D:4      | Reached skill level 5 in Unarmed Combat
  2756 | D:4      | Reached XP level 7. HP: 28/43 MP: 10/10
  2760 | D:4      | Learned a level 3 spell: Spider Form
  3087 | D:4      | Got the Papyrus of Displaced Assembling
  3431 | D:4      | Reached skill level 5 in Transmutations
  3573 | D:4      | Found a burning altar of Makhleb.
  3624 | D:5      | Entered Level 5 of the Dungeon
  3828 | D:5      | Found a shimmering altar of Xom.
  4143 | D:5      | Noticed a yak
  4143 | D:5      | Noticed a yak
  4143 | D:5      | Noticed a yak
  4143 | D:5      | Noticed a yak
  4143 | D:5      | Noticed a yak
  4399 | D:5      | Found a runed translucent door.
  4400 | D:5      | Noticed Crazy Yiuf
  4409 | D:5      | Killed Crazy Yiuf
  4721 | D:5      | Reached XP level 8. HP: 47/52 MP: 12/12
  5062 | D:5      | Reached skill level 1 in Ice Magic
  5241 | D:6      | Reached skill level 5 in Dodging
  5403 | D:6      | Found a staircase to the Ecumenical Temple.
  5418 | Temple   | Entered the Ecumenical Temple
  5609 | Temple   | Became a worshipper of Sif Muna the Loreminder
  5659 | D:6      | Reached skill level 5 in Fighting
  5722 | D:6      | Found Terhirur's Weapon Emporium.
  5743 | D:6      | Found a glowing silver altar of Zin.
  5962 | D:6      | Reached XP level 9. HP: 44/61 MP: 14/16
  6055 | D:6      | Found a shadowy altar of Dithmenos.
  6211 | D:6      | Reached skill level 5 in Spellcasting
  6335 | D:6      | Found Foafraz's Jewellery Shoppe.
  6423 | D:6      | Bought a ring of see invisible for 195 gold pieces
  6503 | D:6      | Found Qenyn's General Store.
  6508 | D:6      | Bought a scroll of immolation for 56 gold pieces
  6508 | D:6      | Bought a scroll of identify for 28 gold pieces
  6822 | D:7      | Succumbed to a water moccasin's poison

Illustrated notes

Levels and vault maps discovered:
D:1:      dpeg_arrival_court, layout_basic
D:2:      layout_rooms, serial_bayou, serial_bayou_ford_a,
          serial_bayou_lagoon_a, serial_bayou_pond_e, serial_bayou_pond_d,
          minmay_misc_feat_tower, uniq_sigmund
D:3:      layout_basic, serial_shops, nicolae_square_shop, uniq_ijyb
D:4:      cheibrodos_helix_gallery, layout_loops_corners, general_overflow_altar
D:5:      minmay_octagon_keep, layout_basic, led_xom_imps,
          uniq_crazy_yiuf_cottage
D:6:      layout_rooms, mainiacjoe_overflow_catch_the_wave,
          minmay_temple_entry_large_hall, serial_shops, nicolae_shop_stone,
          kennysheep_little_box, nicolae_shop_bloodbath_and_beyond,
          patterned_corridor
D:7:      layout_basic, okawaru_altar_gauntlet_db, minitemple,
          mainiacjoe_overflow_24_doors, minmay_misc_feat_tiny, st_stairs_7
Temple:   bh_familiar_temple

Skill      XL: |  1  2  3  4  5  6  7  8  9 |
---------------+----------------------------+-----
Stealth        | 1 2 3 |  3.0
Transmutations | 3 4 5 |  5.0
Poison Magic   | 1 2 3 |  3.0
Unarmed Combat | 4 5 |  5.0
Spellcasting   | 3 4 5 |  5.0
Fighting       | 3 5 |  5.3
Dodging        | 3 5 |  5.0
Ice Magic      | 2 4 |  4.0

Action                     |  1- 3 |  4- 6 |  7- 9 || total
---------------------------+-------+-------+-------++-------
  Melee: Unarmed           |    78 |   124 |   251 ||   453
         Constrict         |    19 |    20 |     1 ||    40
         Tentacles         |    14 |    20 |       ||    34
         Kick              |    16 |    27 |       ||    43
         Punch             |     4 |     3 |       ||     7
   Cast: Beastly Appendage |    22 |    22 |     5 ||    49
         Wereblood         |     2 |     3 |     1 ||     6
         Spider Form       |       |       |    27 ||    27
    Use: Potion            |       |     4 |     4 ||     8
         Scroll            |       |     1 |     5 ||     6
   Stab: Sleeping          |     5 |     9 |     4 ||    18
 Armour: Skin              |     8 |    70 |     9 ||    87
  Dodge: Dodged            |    50 |    49 |   222 ||   321

Table legend: (Time is in decaauts)
 A = Elapsed time spent in this place.
 B = Non-inter-level travel time spent in this place.
 C = Inter-level travel time spent in this place.
 D = Time resting spent in this place.
 E = Time spent auto-exploring this place.
 F = Levels seen in this place.
 G = Mean time per level.
                   A        B        C        D        E       F      G
               +--------+--------+--------+--------+--------+-----+--------+
         Total |   6762 |   6532 |    230 |    821 |   4310 |   8 |  845.2 |
       Dungeon |   6534 |   6356 |    178 |    821 |   4140 |   7 |  933.4 |
        Temple |    227 |    175 |     52 |      0 |    170 |   1 |  227.0 |
               +--------+--------+--------+--------+--------+-----+--------+

Top non-repeatable levels by time:
     D:5: 1366 daAuts
     D:6: 1235 daAuts
     D:4: 1098 daAuts
     D:1: 960 daAuts
     D:3: 935 daAuts
     D:2: 661 daAuts
     D:7: 277 daAuts
  Temple: 227 daAuts
